 Dungeon Crawl Stone Soup version 0.20-a0-309-gcba9277 (webtiles) character file.

82 kr4n3x the Conjurer (level 4, -2/24 HPs)
             Began as a Deep Elf Conjurer on Dec 18, 2016.
             Slain by Grinder (4 damage)
             ... on level 3 of the Dungeon.
             The game lasted 00:04:48 (1941 turns).

kr4n3x the Conjurer (Deep Elf Conjurer)             Turns: 1941, Time: 00:04:48

Health: -2/24      AC:  2    Str:  5    XL:     4   Next: 21%
Magic:  4/11       EV: 13    Int: 21    God:
Gold:   80         SH:  0    Dex: 15    Spells: 0/10 levels left

rFire  . . .     SeeInvis .     f - +0 dagger
rCold  + . .     Gourm    +     a - +0 robe
rNeg   . . .     Faith    .     (no shield)
rPois  .         Spirit   .     (no helmet)
rElec  .         Reflect  .     (no cloak)
rCorr  .         Harm     .     (no gloves)
MR     .....                    (no boots)
Stlth  ++........               l - amulet of the gourmand
                                (no ring)
                                d - ring of protection from cold

@: no status effects
A: no striking features
a: no special abilities


You were on level 3 of the Dungeon.
You were not hungry.

You visited 1 branch of the dungeon, and saw 3 of its levels.

You collected 80 gold pieces.

Inventory:

Hand Weapons
 f - a +0 dagger (weapon)
Armour
 a - a +0 robe (worn)
 h - a +1 buckler of reflection
Jewellery
 d - a ring of protection from cold (left hand)
 l - an amulet of the gourmand (around neck)
Scrolls
 k - 2 scrolls of remove curse
Potions
 e - a potion of curing
 m - a potion of degeneration {unknown}
 n - a potion of cancellation {unknown}
Books
 b - a book of Conjurations

   Spells                             Type                      Level
   a - Magic Dart                     Conjuration                  1
   b - Searing Ray                    Conjuration                  2
   c - Dazzling Spray                 Conjuration/Hexes            3
   d - Fulminant Prism                Conjuration/Hexes            4
   e - Iskenderun's Mystic Blast      Conjuration                  4
   f - Iskenderun's Battlesphere      Conjuration/Charms           5
Comestibles
 c - 4 bread rations
 g - 3 chunks of flesh
 i - a meat ration


   Skills:
 + Level 2.8 Dodging
 + Level 2.6 Stealth
 + Level 3.8 Spellcasting
 + Level 5.7 Conjurations


You couldn't memorise any spells.
You knew the following spells:

 Your Spells              Type           Power        Failure   Level  Hunger
a - Magic Dart            Conj           ####         1%          1    None
b - Searing Ray           Conj           ####..       1%          2    #......
c - Dazzling Spray        Conj/Hex       ###...       14%         3    ###....
d - Iskenderun's Mystic   Conj           ####....     14%         4    ####...


Dungeon Overview and Level Annotations

Branches:
Dungeon (3/15)

Altars:
Fedhas
Kikubaaqudgha
Trog
Xom

Annotations:
D:3 Grinder


Message History

Confirm with . or Enter, or press ? or * to list all spells.
Aiming: Magic Dart
Press: ? - help, Shift-Dir - straight line, f/p - Grinder
Aim: Grinder (lightly wounded)
The magic dart hits Grinder.
Grinder is moderately wounded.
Casting: Magic Dart
Confirm with . or Enter, or press ? or * to list all spells.
Okay, then.
Casting: Magic Dart
Confirm with . or Enter, or press ? or * to list all spells.
Aiming: Dazzling Spray
Press: ? - help, Shift-Dir - straight line, f/p - Grinder
Aim: Grinder (moderately wounded)
The spray of energy hits Grinder.
Grinder is moderately wounded.
Grinder is dazzled.
Grinder hits you!
* * * LOW HITPOINT WARNING * * *
You writhe in agony.
You die...

#.##.##.#.# #.#.......#
## #.#..##.#.# ..
#.#.......###.###
#.......#...(...
#...#..#..##.#
#............#
########.#.#.###.####
.....#........##@#
####......###....5.....#
...รท.##..##
##......#### .....##..#
#......# .........#
#......# .###..####
.......# .....##
#####.### .##<.# #. .#
..#


You could see Grinder (blind).

Vanquished Creatures
  3 gnolls (D:2)
  A worm (D:2)
  2 dart slugs (D:1)
  A leopard gecko (D:2)
  8 bats
  2 goblins (D:1)
  7 hobgoblins
  3 jackals (D:1)
  2 quokkas
  A ball python (D:2)
  7 frilled lizards
  3 kobolds
  7 rats
47 creatures vanquished.

Notes
Turn   | Place    | Note
-------+----------+-------------------------------------------
     0 | D:1      | kr4n3x the Deep Elf Conjurer began the quest for the Orb.
     0 | D:1      | Reached XP level 1. HP: 10/10 MP: 6/6
   234 | D:1      | Reached XP level 2. HP: 15/15 MP: 5/8
   346 | D:1      | Learned a level 2 spell: Searing Ray
   363 | D:1      | Reached skill level 5 in Conjurations
   997 | D:2      | Reached XP level 3. HP: 19/19 MP: 4/9
  1107 | D:2      | Found a bloodstained altar of Trog.
  1135 | D:2      | Found an ancient bone altar of Kikubaaqudgha.
  1135 | D:2      | Found a blossoming altar of Fedhas.
  1304 | D:2      | Reached XP level 4. HP: 24/24 MP: 4/11
  1310 | D:2      | Learned a level 3 spell: Dazzling Spray
  1315 | D:2      | Learned a level 4 spell: Iskenderun's Mystic Blast
  1345 | D:2      | Found a shimmering altar of Xom.
  1906 | D:3      | Found a faded altar of an unknown god.
  1936 | D:3      | Noticed Grinder
  1941 | D:3      | Slain by Grinder

Vault maps used:
D:1:      eino_arrival_water_star, minmay_misc_feat_room
D:2:      grunt_temple_overflow_growth_and_decay, old_standard_altar,
          xom_teletrap_fun
D:3:      tgw_sif, chequers_ecumenical_altar_simple_redux,
          minmay_joined_circles, uniq_grinder

Skill      XL: |  1  2 |
---------------+-------+-----
Conjurations   | 5 |  5.7
Dodging        | |  2.8
Stealth        | |  2.6
Spellcasting   | |  3.8

Action                   |  1- 3 |  4- 6 || total
-------------------------+-------+-------++-------
Melee: Dagger            |     1 |       ||     1
 Cast: Magic Dart        |    77 |    24 ||   101
       Searing Ray       |     1 |       ||     1
       Dazzling Spray    |       |     1 ||     1
  Use: Scroll            |     3 |     1 ||     4
  Eat: Chunk             |     1 |     2 ||     3
Armor: Robe              |     1 |       ||     1
Dodge: Dodged            |    16 |       ||    16
